AoeStats
← ask

Hideout

508462750Analyzed
1v1 RM · 25d ago on Sep 22, 2026· 36m 22s· 2 players
Game mode
Random Map
Map size
Tiny (2 player)
Population
200
Speed
Normal
Resources
Standard
Victory
Conquest
Starting age
Dark Age
Ending age
Imperial Age
RankedLock teamsTeams togetherTeam positionsShared explorationLock speedFull tech treeHidden civsTurbo modeCheats
Victory
Defeat
🇫🇷 Lithuanians · France
1954
+15
vs
🇧🇷 Koreans · Brazil
1922
-15
ask
8:53 Feudal Age
9:09 Man-at-Arms
10:22 Horse Collar
11:51 Double-Bit Axe
13:12 Arson
15:49 Loom
19:08 Castle Age
17:58 Stone Mining
18:01 Fletching
20:40 Bow Saw
21:20 Wheelbarrow
20:51 Town Watch
23:40 Bodkin Arrow
27:55 Ballistics
30:19 Fortified Wall
30:25 Hand Cart
31:20 Gold Mining
35:33 Imperial Age
33:11 Squires
33:15 Scale Mail Armor
[FrCo] Shenshenko
7:55 Loom
9:41 Feudal Age
8:05 Loom
10:31 Feudal Age
15:10 Castle Age
13:31 Double-Bit Axe
14:02 Horse Collar
16:03 Bow Saw
18:06 Heavy Plow
22:56 Sanctity
24:17 Wheelbarrow
24:42 Stone Mining
26:01 Fletching
27:20 Bodkin Arrow
29:27 Scale Barding Armor
30:17 Hand Cart
30:03 Gold Mining
31:57 Chain Barding Armor
31:53 Bloodlines
31:43 Husbandry
31:48 Elite Skirmisher
32:29 Padded Archer Armor
32:56 Forging
36:11 Imperial Age
34:45 Leather Archer Armor
34:59 Thumb Ring
35:53 Iron Casting
36:11 Ballistics
36:04 Hill Forts
37:22 Stone Shaft Mining
36:38 Town Watch
36:59 Bracer
37:30 Ring Archer Armor
Connection lost

Rejoining the realm…

Still unreachable

The connection could not be restored.

Session expired

The server has moved on; the page needs a fresh start.